 Dungeon Crawl Stone Soup version 0.22-a0-389-g8519d86 (webtiles) character file.

74 Gildeon the Cudgeler (level 4, 0/28 HPs)
             Began as a Gargoyle Fighter on Apr 30, 2018.
             Slain by a gnoll
             ... wielding a +0 spear
              (4 damage)
             ... on level 2 of the Dungeon.
             The game lasted 00:04:14 (1177 turns).

Gildeon the Cudgeler (Gargoyle Fighter)             Turns: 1177, Time: 00:04:14

Health: 0/28       AC: 11    Str: 25    XL:     4   Next: 28%
Magic:  4/4        EV:  7    Int:  8    God:
Gold:   40         SH:  9    Dex: 10    Spells: 3/3 levels left

rFire    . . .     SeeInvis .   a - +0 flail
rCold    . . .     Gourm    .   c - +0 shield
rNeg     + . .     Faith    .   b - +1 scale mail
rPois    ∞         Spirit   .   (no helmet)
rElec    +         Reflect  .   (no cloak)
rCorr    .         Harm     .   (no gloves)
MR       .....                  (no boots)
Stlth    ..........             (no amulet)
HPRegen  0.09/turn              (no ring)
MPRegen  0.09/turn              (no ring)

@: mighty
A: negative energy resistance 1, electricity resistance, unbreathing,
petrification resistance, rot immunity, AC +3
a: no special abilities


You were on level 2 of the Dungeon.
You were not hungry.

You visited 1 branch of the dungeon, and saw 2 of its levels.

You collected 40 gold pieces.

Inventory:

Hand Weapons
 a - a +0 flail (weapon)
Missiles
 e - 69 stones (quivered)
Armour
 b - a +1 scale mail (worn)
 c - a +0 shield (worn)
Scrolls
 g - a scroll of remove curse {unknown}
 h - a scroll of blinking {unknown}
Potions
 j - a potion of cancellation
Comestibles
 f - 2 rations
 i - 7 chunks of flesh


   Skills:
 - Level 3.2 Fighting
 + Level 4.4 Maces & Flails
 - Level 3.2 Armour
 - Level 3.2 Shields


You had 3 spell levels left.
You didn't know any spells.

Dungeon Overview and Level Annotations

Branches:
Dungeon (2/15)

Altars:


Innate Abilities, Weirdness & Mutations

You are resistant to torment.
Your stone body is resilient. (AC +3)
You are immune to poison.
You resist negative energy. (rN+)
You are resistant to electric shocks. (rElec)
You can survive without breathing.
You are immune to petrification.
You are immune to rotting.


Message History

You block the gnoll's attack. x2
You barely miss the gnoll.
The gnoll is moderately wounded.
You block the gnoll's attack. x2
You hit the gnoll.
The gnoll is heavily wounded.
The gnoll closely misses you.
The gnoll hits you from afar with a spear.
* * * LOW HITPOINT WARNING * * *
You bludgeon the gnoll!!
You kill the gnoll!
The gnoll completely misses you. You block the quokka's attack.
You closely miss the quokka. You block the gnoll's attack.
The quokka bites you but does no damage.
The gnoll hits you but does no damage.
You barely miss the quokka. The quokka barely misses you.
The gnoll hits you but does no damage. You block the quokka's attack.
You barely miss the quokka. You block the quokka's attack.
The gnoll hits you from afar with a spear.
You die...

.... #####+#.####
...##...........
###..#...........
.................
#.............
#........#
#.g#####.# ##r#
#@## ###..##
#.....# #.#
#.....# #.#
#.....###.#
#......##.#
#......##.####
#......##....#
######..#....#


You could see a gnoll and a quokka.

Vanquished Creatures
  3 gnolls (D:2)
  2 adders (D:2)
  A dart slug (D:1)
  2 leopard geckos
  3 bats (D:1)
  A giant cockroach (D:2)
  2 goblins (D:1)
  2 quokkas (D:2)
  A frilled lizard (D:2)
  5 kobolds (D:1)
  3 rats (D:1)
25 creatures vanquished.

Notes
Turn   | Place    | Note
-------+----------+-------------------------------------------
     0 | D:1      | Gildeon the Gargoyle Fighter began the quest for the Orb.
     0 | D:1      | Reached XP level 1. HP: 14/14 MP: 1/1
   165 | D:1      | Reached XP level 2. HP: 19/19 MP: 2/2
   337 | D:1      | Reached skill level 3 in Maces & Flails
  1042 | D:2      | Reached XP level 3. HP: 23/23 MP: 3/3
  1165 | D:2      | Reached skill level 4 in Maces & Flails
  1171 | D:2      | Reached XP level 4. HP: 6/28 MP: 4/4
  1177 | D:2      | Slain by a gnoll

Vault maps used:
D:1:      lightli_arrival_noodles
D:2:      gammafunk_temple_overflow_statue

Skill      XL: |  1  2  3 |
---------------+----------+-----
Maces & Flails | 3 4 |  4.4
Fighting       | |  3.2
Armour         | |  3.2
Shields        | |  3.2

Action                   |  1- 3 |  4- 6 || total
-------------------------+-------+-------++-------
Melee: Flail             |   140 |     6 ||   146
  Use: Scroll            |     2 |       ||     2
       Potion            |     1 |       ||     1
  Eat: Chunk             |     1 |       ||     1
Armor: Scale mail        |   105 |     3 ||   108
Dodge: Dodged            |    54 |     3 ||    57
Block: Shield            |   109 |     8 ||   117

Table legend:
 A = Spawn XP
 B = Non-spawn XP
 C = Spawn XP percentage of total XP
 D = Spawn monster count
 E = Non-spawn monster count
 F = Spawn count percentage of total count
 G = Total turns spent on level
                    A         B        C        D         E        F      G
               +---------+---------+-------+---------+---------+-------+---------
         Total |       0 |     106 |   0.0 |       0 |      25 |   0.0 |  1177
               +---------+---------+-------+---------+---------+-------+---------
           D:1 |       0 |      26 |   0.0 |       0 |      15 |   0.0 |  1030
           D:2 |       0 |      80 |   0.0 |       0 |      10 |   0.0 |   147
               +---------+---------+-------+---------+---------+-------+---------
